AoeStats
← |GaoeG| flamingo

Arena

507588311Analyzed
2v2 RM · 14d ago on Sep 18, 2026· 44m 10s· 4 players
Game mode
Random Map
Map size
Medium (4 player)
Population
200
Speed
Normal
Resources
Standard
Victory
Conquest
Starting age
Dark Age
Ending age
Imperial Age
RankedLock teamsTeams togetherTeam positionsShared explorationLock speedFull tech treeHidden civsTurbo modeCheats
Victory
Defeat
🇪🇸 Slavs · Spain
1368
+13
🇪🇸 Spanish · Spain
1297
+17
🇵🇪 Chinese · Peru
1310
-15
🇵🇪 Teutons · Peru
1306
-15
YO HOKAGE
0:27 Loom
11:02 Feudal Age
16:52 Castle Age
15:11 Double-Bit Axe
15:09 Horse Collar
16:17 Fletching
17:25 Elite Skirmisher
19:21 Loom
26:33 Bow Saw
28:17 Wheelbarrow
27:28 Town Watch
32:06 Imperial Age
29:57 Bodkin Arrow
30:30 Heavy Plow
31:01 Padded Archer Armor
32:18 Elite Chu Ko Nu
33:19 Hand Cart
33:25 Bracer
33:41 Leather Archer Armor
33:30 Scale Mail Armor
33:41 Forging
34:36 Two-Man Saw
33:01 Pikeman
33:42 Squires
33:29 Arson
34:38 Ballistics
35:18 Chemistry
34:14 Gold Mining
34:18 Stone Mining
34:51 Conscription
35:49 Ring Archer Armor
36:00 Chain Mail Armor
35:58 Town Patrol
36:00 Halberdier
FC_FINE02
6:09 Loom
9:07 Feudal Age
9:59 Double-Bit Axe
15:13 Horse Collar
22:39 Castle Age
24:35 Elite Skirmisher
26:21 Scale Barding Armor
29:35 Fletching
35:20 Wheelbarrow
36:42 Pikeman
40:23 Imperial Age
38:44 Squires
38:30 Arson
38:30 Gambesons
38:58 Forging
38:49 Scale Mail Armor
41:12 Iron Casting
40:53 Chain Mail Armor
40:27 Halberdier
43:41 Hand Cart
43:52 Bloodlines
43:03 Cavalier
|GaoeG| flamingo
11:22 Feudal Age
15:07 Castle Age
13:28 Double-Bit Axe
13:26 Horse Collar
16:12 Bow Saw
17:48 Heavy Plow
24:55 Gold Mining
26:34 Wheelbarrow
26:00 Town Watch
26:01 Loom
32:20 Imperial Age
30:08 Hand Cart
29:55 Stone Mining
31:32 Bloodlines
31:22 Husbandry
32:38 Cavalier
33:38 Scale Barding Armor
33:44 Forging
34:14 Conscription
34:57 Chain Barding Armor
34:45 Padded Archer Armor
34:24 Paladin
36:29 Plate Barding Armor
36:32 Iron Casting
37:19 Leather Archer Armor
38:55 Blast Furnace
39:23 Elite Skirmisher
40:09 Thumb Ring
39:57 Fletching
40:40 Ring Archer Armor
40:45 Elite Conquistador
41:50 Bodkin Arrow
42:19 Ballistics
43:10 Chemistry
44:04 Bracer
JITANOmaleant7
8:02 Loom
8:44 Loom
11:11 Feudal Age
17:12 Castle Age
15:19 Double-Bit Axe
16:20 Horse Collar
16:32 Gold Mining
18:05 Wheelbarrow
31:40 Imperial Age
29:26 Hand Cart
29:42 Bow Saw
29:35 Heavy Plow
30:16 Fortified Wall
31:36 Gold Shaft Mining
31:14 Scale Barding Armor
31:20 Forging
32:44 Chain Barding Armor
32:36 Bloodlines
31:47 Cavalier
32:54 Husbandry
33:49 Iron Casting
36:07 Plate Barding Armor
37:13 Blast Furnace
41:36 Man-at-Arms
42:17 Squires
42:32 Murder Holes
42:43 Scale Mail Armor
42:50 Fletching
42:39 Long Swordsman
44:12 Chain Mail Armor
43:34 Two-Handed Swordsman
Connection lost

Rejoining the realm…

Still unreachable

The connection could not be restored.

Session expired

The server has moved on; the page needs a fresh start.